 Dungeon Crawl Stone Soup version 0.28.0-45-g0d030f2227 (webtiles) character file.

Game seed: 5723659215175950521

200621 Peloso the Fencer (level 18, -9/172 HPs)
             Began as a Minotaur Fighter on Apr 22, 2022.
             Was the Champion of Okawaru.
             Blown up by a cacodemon (33 damage)
             ... with a bolt of energy
             ... summoned by a deep elf demonologist
             ... on level 3 of the Elven Halls on Apr 23, 2022.
             The game lasted 02:03:00 (43041 turns).

Peloso the Fencer (Minotaur Fighter)               Turns: 43041, Time: 02:03:00

Health: -9/172     AC: 37    Str: 31    XL:     18   Next: 27%
Magic:  17/20      EV: 10    Int:  5    God:    Okawaru [******]
Gold:   429        SH: 25    Dex: 12    Spells: 17/17 levels left

rFire   + + .      SeeInvis .   c - +6 falchion of Wounding {elec, rPois rF+ Will+}
rCold   + . .      Faith    .   i - +0 tower shield
rNeg    + . .      Spirit   .   h - +10 plate armour of the Lute {rN+}
rPois   +          Reflect  +   m - +2 hat "Plog" {rF+}
rElec   +          Harm     .   E - +2 cloak of Qoretul {Regen+ Str+4}
rCorr   .          Rampage  .   (no gloves)
Will    +++..                   r - +2 pair of boots of Weightlessness {rElec}
Stlth   ..........              K - amulet of reflection
HPRegen 1.18/turn               p - ring of protection from cold
MPRegen 0.17/turn               J - ring of willpower

@: about to teleport, studying Earth Magic
A: horns 2, retaliatory headbutt
a: Renounce Religion, Heroism, Finesse, Duel


You were on level 3 of the Elven Halls.
You worshipped Okawaru.
Okawaru was exalted by your worship.
You visited 5 branches of the dungeon, and saw 27 of its levels.
You also visited: Ice Cave and Wizlab.

You collected 3484 gold pieces.
You spent 3055 gold pieces at shops.

Inventory:

Hand Weapons
 a - a +4 double sword of flaming
 b - the +5 long sword "Wighait" {vorpal, rCorr}
   (Okawaru gifted it to you on level 2 of the Orcish Mines)

   It inflicts extra damage upon your enemies.
   rCorr:     It protects you from acid and corrosion.
 c - the +6 falchion of Wounding (weapon) {elec, rPois rF+ Will+}
   (You found it on level 3 of the Elven Halls)

   It occasionally discharges a powerful burst of electricity upon striking a
   foe.
   rF:        It protects you from fire.
   rPois:     It protects you from poison.
   Will:      It increases your willpower.
 R - the +7 hand crossbow of Baoxko Teorph {venom, rElec rC- Will+ Str+4}
   (Okawaru gifted it to you on level 3 of the Elven Halls)

   Any ammunition fired from it poisons the flesh of those it strikes.
   Str:       It affects your strength (+4).
   rC:        It makes you vulnerable to cold.
   rElec:     It insulates you from electricity.
   Will:      It increases your willpower.
Armour
 h - the +10 plate armour of the Lute (worn) {rN+}
   (You bought it in a shop on level 14 of the Dungeon)

   rN:        It protects you from negative energy.
 i - a +0 tower shield (worn)
 m - the +2 hat "Plog" (worn) {rF+}
   (Okawaru gifted it to you on level 5 of the Lair of Beasts)

   rF:        It protects you from fire.
 r - the +2 pair of boots of Weightlessness (worn) {rElec}
   (You bought it in a shop on level 2 of the Orcish Mines)

   rElec:     It insulates you from electricity.
 z - the +2 hat of the Bear Spirit {Spirit, *Rage Will++}
   (You found it on level 3 of the Elven Halls)

   Going berserk makes the wearer tougher, and they're slowed less afterward.
   *Rage:     It berserks you when you make melee attacks (+20% chance).
   Will:      It greatly increases your willpower.
 E - the +2 cloak of Qoretul (worn) {Regen+ Str+4}
   (You found it in a wizard's laboratory)

   Str:       It affects your strength (+4).
   Regen:     It increases your rate of health regeneration.
 P - a +2 chain mail of fire resistance
 U - +0 shadow dragon scales
 X - a +2 cloak
Jewellery
 l - the ring "Maurphucs" {rCorr Stlth+}
   (You found it on level 3 of the Elven Halls)

   [ring of resist corrosion]

   rCorr:     It protects you from acid and corrosion.
   Stlth:     It makes you more stealthy.
 p - a ring of protection from cold (left hand)
 y - a +6 ring of dexterity
 A - a ring of see invisible
 J - a ring of willpower (right hand)
 K - an amulet of reflection (around neck)
 S - a +6 ring of strength
Scrolls
 o - 4 scrolls of teleportation
 u - 2 scrolls of magic mapping
 B - a scroll of acquirement
 C - 5 scrolls of immolation
 H - 10 scrolls of fear
Potions
 d - 6 potions of might
 f - 6 potions of curing
 j - 2 potions of resistance
 n - a potion of berserk rage
 s - 2 potions of invisibility
 w - 4 potions of flight
 O - 6 potions of heal wounds


   Skills:
 + Level 18.2 Fighting
 + Level 0.5(12.4) Short Blades
 + Level 20.4 Long Blades
 + Level 0.6(1.1) Axes
 + Level 1.0(1.2) Maces & Flails
 + Level 0.6(1.0) Polearms
 + Level 0.6(1.1) Staves
 + Level 0.5(0.7) Slings
 + Level 0.9 Bows
 + Level 0.5 Crossbows
 + Level 0.4(0.6) Throwing
 + Level 17.2 Armour
 + Level 7.0 Dodging
 + Level 5.3 Stealth
 + Level 18.6 Shields
 + Level 0.5 Unarmed Combat
 + Level 0.2 Spellcasting
 + Level 0.2 Conjurations
 + Level 0.2 Hexes
 + Level 0.2 Summonings
 + Level 0.2 Necromancy
 + Level 0.2 Translocations
 + Level 0.3 Transmutations
 + Level 0.2 Fire Magic
 + Level 0.2 Ice Magic
 + Level 0.2 Air Magic
 + Level 0.6 Earth Magic
 + Level 0.4 Poison Magic
 + Level 4.0 Invocations
 + Level 0.8 Evocations


You had 17 spell levels left.
You didn't know any spells.
Your spell library contained the following spells:

 Spells                   Type           Power      Damage    Failure   Level
 Apportation              Tloc           0%         N/A       99%         1
 Blink                    Tloc           0%         N/A       100%        2
 Gell's Gravitas          Tloc           0%         N/A       100%        3
 Lesser Beckoning         Tloc           0%         N/A       100%        3
 Teleport Other           Tloc           0%         N/A       100%        3
 Anguish                  Hex/Necr       0%         N/A       100%        4
 Leda's Liquefaction      Hex/Erth       0%         N/A       100%        4
 Passage of Golubria      Tloc           0%         N/A       100%        4
 Alistair's Intoxication  Tmut/Pois      0%         N/A       100%        5
 Blade Hands              Tmut           0%         N/A       100%        5
 Fireball                 Conj/Fire      0%         3d3       100%        5
 Irradiate                Conj/Tmut      0%         3d14      100%        5
 Iskenderun's Battlesphe  Conj           0%         2d6       100%        5
 Lee's Rapid Deconstruct  Erth           0%         3d5*      100%        5
 Silence                  Hex/Air        0%         N/A       100%        5
 Yara's Violent Unravell  Hex/Tmut       0%         3d3       100%        5
 Conjure Ball Lightning   Conj/Air       0%         3x3d6     100%        6
 Dispersal                Tloc           0%         N/A       100%        6
 Statue Form              Tmut/Erth      0%         N/A       100%        6
 Dragon Form              Tmut           0%         N/A       100%        7
 Enfeeble                 Hex            0%         N/A       100%        7
 Orb of Destruction       Conj           0%         9d5       100%        7
 Storm Form               Tmut/Air       0%         N/A       100%        7
 Disjunction              Tloc           0%         N/A       100%        8
 Lehudib's Crystal Spear  Conj/Erth      0%         10d2      100%        8
 Maxwell's Capacitive Co  Air            0%         ∞         100%        8
 Animate Skeleton         Necr           Unusable   N/A       N/A         1
 Summon Small Mammal      Summ           Unusable   N/A       N/A         1
 Tukima's Dance           Hex            Unusable   N/A       N/A         3
 Summon Lightning Spire   Summ/Air       Unusable   N/A       N/A         4

Dungeon Overview and Level Annotations

Branches:
Dungeon (15/15)            Temple (1/1) D:4            Lair (6/6) D:11
 Shoals (0/4) Lair:3       Spider (0/4) Lair:4        Slime (0/5) Lair:6
    Orc (2/2) D:9             Elf (3/3) Orc:2        Vaults (0/5) D:13
 Depths (0/4) D:15          IceCv (visited)          WizLab (visited)

Altars:
Ashenzari
Cheibriados
Dithmenos
Fedhas
Hepliaklqana
Nemelex Xobeh
Okawaru
Qazlal
Uskayaw
Wu Jian
Yredelemnul
Beogh
Jiyva

Shops:
D:5 :*   D:6 [   D:10 *   D:14 (?[(:   Orc:2 [**[   Elf:1 (:[   Elf:2 :[
Elf:3 (:

Annotations:
Lair:2 Casa
Elf:2 3 runed translucent doors


Innate Abilities, Weirdness & Mutations

You have a pair of horns on your head.
You reflexively headbutt those who attack you in melee.


Message History

* * * LOW HITPOINT WARNING * * *
The Executioner hits you but does no damage. x2
The Executioner barely misses you. You furiously retaliate!
You headbutt the Executioner. You block the Executioner's attack.
The Executioner completely misses you.
The deep elf sorcerer's eyes start to glow.
You barely miss the Executioner.
The Executioner is almost dead.
You block the Executioner's attack.
The Executioner hits you but does no damage.
You block the Executioner's attack.
The Executioner hits you but does no damage. x2
The Executioner hits you.
* * * LOW HITPOINT WARNING * * *
The Executioner hits you but does no damage.
You block the Executioner's attack.
The Executioner hits you but does no damage.
You slash the Executioner!
The Executioner is almost dead.
The deep elf elementalist is no longer moving quickly.
You block the Executioner's attack. The Executioner barely misses you.
The Executioner hits you but does no damage.
The deep elf elementalist casts a spell.
The deep elf elementalist seems to speed up.
You block the Executioner's attack. x2
The Executioner hits you but does no damage.
The deep elf annihilator gestures wildly while chanting.
The deep elf annihilator blinks!
You hit the Executioner.
You kill the Executioner!
The Executioner disappears in a puff of smoke!
Your surroundings seem slightly different.
Splash!
You fall into the shallow water.
Moving in this stuff is going to be slow.
As you read the scroll of teleportation, it crumbles to dust.
You feel strangely unstable. The cacodemon gestures at you.
The bolt of energy hits you!!
You die...

#≈≈.≈≈≈≈.≈≈.....#E)..
#...≈≈≈≈4e.....e.e###
#.≈≈###2≈2....#.#...$
#.≈≈#.§#≈e4.....#####
#.≈≈#).#≈ee..##.#,,+,
#.≈≈####ee.####.#,,*,
#...≈≈≈2...####.#,,**
#≈≈.≈≈≈≈.≈≈.....#,,,*
#≈≈.@....≈≈....##*,,,
####.####.......#**,,
#.# #...[...# *** #.#
#.......# #.#
##.....## **#+#**
#.[...'## *,,,,,*
###)###.####
**,,,,,** #[# ##'##?
*,,,,,,,* #[# ##....


You could see a cacodemon (summoned), a hell beast (summoned), a reaper
(summoned), 2 deep elf sorcerers, 2 deep elf elementalists, a deep elf
demonologist, an orange demon (summoned) and an ice devil (summoned).

Vanquished Creatures
  A moon troll (WizLab)
  Rupert (Lair:5)
  A deep elf master archer (Elf:3)
  A deep elf blademaster (Elf:3)
  7 tentacled starspawn (WizLab)
  Kirke (D:12)
  3 deep elf sorcerers
  Louise (D:15)
  Aizul (Elf:1)
  2 deep elf elementalists (Elf:3)
  2 cacodemons (WizLab)
  An ironbound preserver (D:13)
  2 war gargoyles (WizLab)
  2 very ugly things (WizLab)
  6 stone giants (WizLab)
  Azrael (D:14)
  A white draconian (IceCv)
  2 deep elf annihilators (Elf:3)
  A dire elephant (Lair:6)
  2 deep elf death magi (Elf:3)
  An ettin (Orc:1)
  2 fire dragons
  A deep elf high priest (Elf:3)
  6 great orbs of eyes (WizLab)
  2 ogre magi (Orc:2)
  A rakshasa (D:15)
  6 hydras
  2 boulder beetles
  2 catoblepae
  4 centaur warriors
  10 dancing weapons
  13 two-headed ogres
  3 death yaks (Lair:6)
  An orc high priest (Orc:1)
  Nergalle (Lair:4)
  7 deep elf knights
  Sonja (D:12)
  2 wretched stars (WizLab)
  6 glowing orange brains (WizLab)
  2 deep trolls (Orc:2)
  An orange crystal statue (WizLab)
  2 orc knights (Orc:1)
  A swamp dragon (Lair:6)
  12 deep elf archers
  2 lindwurms (Lair:6)
  4 oklob plants
  21 deep elf pyromancers
  3 wizards
  23 deep elf zephyrmancers
  17 ugly things
  A necromancer (D:15)
  6 cyclopes
  7 manticores
  3 orc sorcerers
  Maurice (Orc:1)
  6 black mambas
  An elephant (shapeshifter) (Elf:1)
  11 elephants
  6 eyes of devastation (WizLab)
  A naga mage (D:15)
  2 torpor snails
  2 gargoyles (D:13)
  12 cane toads
  2 ice statues (IceCv)
  A kobold demonologist (D:13)
  6 komodo dragons
  3 tengu conjurers
  An unseen horror (D:11)
  9 rime drakes
  A yaktaur (D:15)
  13 trolls
  A meliai (shapeshifter) (D:14)
  A wind drake (Lair:3)
  Grinder (D:6)
  A polar bear (shapeshifter) (Elf:2)
  25 blink frogs
  12 slime creatures
  6 dream sheep
  A centaur simulacrum (D:15)
  4 air elementals
  A jumping spider (shapeshifter) (D:13)
  13 starcursed masses (WizLab)
  A shadow (D:12)
  5 fire elementals
  37 yaks
  4 culicivoras (Lair:4)
  2 water elementals (Elf:1)
  7 wraiths
  Eustachio (D:4)
  7 wyverns
  3 golden eyes (WizLab)
  2 hogs (D:12)
  4 humans (D:12)
  8 vampire mosquitoes
  6 basilisks
  2 steam dragons
  A harpy simulacrum (D:15)
  4 wargs
  2 acid dragons
  9 water moccasins
  3 swamp drakes (Lair:6)
  4 hell hounds
  A hornet zombie (D:8)
  14 orc warriors
  Pargi (D:4)
  22 ogres
  13 wolves
  8 centaurs
  2 necrophages (D:5)
  4 kobold brigands
  Blork the orc (D:6)
  11 bullfrogs
  An earth elemental (Elf:2)
  A scorpion (D:7)
  A wyvern zombie (D:7)
  2 gnoll sergeants (D:10)
  2 lindwurm simulacra (IceCv)
  5 wights
  6 killer bees
  4 howler monkeys
  2 electric eels
  3 centaur zombies
  8 komodo dragon simulacra (IceCv)
  A bullfrog skeleton (D:6)
  2 hounds (D:6)
  2 jellies
  2 centaur skeletons
  16 orc priests
  Crazy Yiuf (D:5)
  A gnoll shaman (D:9)
  6 iguanas
  2 hell rats (Lair:2)
  24 orc wizards
  2 scorpion zombies (D:5)
  A howler monkey zombie (D:9)
  11 gnolls
  8 acid dragon simulacra (IceCv)
  7 adders
  8 river rats (Lair:2)
  A shadow imp (D:6)
  3 steam dragon simulacra (IceCv)
  An ufetubus (D:4)
  A dart slug (D:3)
  63 orcs
  15 endoplasms
  16 giant cockroaches
  6 goblins
  9 hobgoblins
  4 quokkas
  8 ball pythons
  6 bats
  4 frilled lizards
  22 kobolds
  6 rats
  2 bushes (D:12)
  A starspawn tentacle (WizLab)
845 creatures vanquished.

Vanquished Creatures (others)
  A deep elf knight (Elf:3)
  4 deep elf pyromancers
  A centaur simulacrum (D:14)
  A basilisk (Lair:6)
  2 boggarts (Elf:1)
  An orc (Orc:2)
  3 demonic plants (WizLab)
  22 fungi
  32 plants
  15 starspawn tentacles (WizLab)
  5 toadstools (D:3)
87 creatures vanquished.

Grand Total: 932 creatures vanquished

Notes
Turn   | Place    | Note
-------+----------+-------------------------------------------
     0 | D:1      | Peloso the Minotaur Fighter began the quest for the Orb.
     0 | D:1      | Reached XP level 1. HP: 19/19 MP: 0/0
    81 | D:1      | Found a faded altar of an unknown god.
   198 | D:1      | Reached XP level 2. HP: 27/27 MP: 1/1
   478 | D:1      | Reached skill level 3 in Long Blades
  1124 | D:1      | You fall into a shaft and drop 1 floor!
  1164 | D:2      | Reached XP level 3. HP: 33/33 MP: 2/2
  1822 | D:2      | Reached XP level 4. HP: 37/40 MP: 3/3
  2139 | D:3      | Reached skill level 4 in Long Blades
  3047 | D:4      | Found a staircase to the Ecumenical Temple.
  3063 | Temple   | Entered the Ecumenical Temple
  3068 | Temple   | Became a worshipper of Warmaster Okawaru
  3152 | D:4      | Noticed Pargi
  3163 | D:4      | Killed Pargi
  3164 | D:4      | Reached skill level 1 in Dodging
  3164 | D:4      | Reached XP level 5. HP: 16/47 MP: 4/4
  3180 | D:4      | HP: 1/45 [wight/+4 hand axe (8)]
  3184 | D:4      | Reached skill level 5 in Long Blades
  3184 | D:4      | Reached skill level 5 in Armour
  3264 | D:4      | Reached * piety under Okawaru
  3265 | D:4      | Reached XP level 6. HP: 9/51 MP: 5/5
  3614 | D:4      | Noticed Eustachio
  3626 | D:4      | Killed Eustachio
  3627 | D:4      | Reached skill level 6 in Long Blades
  3789 | D:4      | Reached ** piety under Okawaru
  3790 | D:4      | Reached XP level 7. HP: 32/60 MP: 6/6
  3995 | D:4      | Reached skill level 5 in Fighting
  4148 | D:4      | Identified the +1 flail "Docisk" {vamp, rF+}
  4432 | D:5      | Entered Level 5 of the Dungeon
  4433 | D:5      | Found Busal's Assorted Antiques.
  4536 | D:5      | Found a runed translucent door.
  4537 | D:5      | Noticed Crazy Yiuf
  4574 | D:5      | Found Peepek's Book Shoppe.
  4715 | D:5      | Reached skill level 7 in Long Blades
  4752 | D:5      | Reached skill level 1 in Stealth
  5054 | D:5      | Reached XP level 8. HP: 69/69 MP: 7/7
  5457 | D:5      | Killed Crazy Yiuf
  5458 | D:5      | Reached skill level 8 in Long Blades
  5796 | D:6      | Found Raqeb's Armour Emporium.
  5853 | D:6      | Noticed Grinder
  5859 | D:6      | Paralysed by Grinder for 7 turns
  5869 | D:6      | Paralysed by Grinder for 6 turns
  5877 | D:6      | Killed Grinder
  5878 | D:6      | Reached skill level 5 in Shields
  6135 | D:6      | Noticed Blork the orc
  6151 | D:6      | Reached *** piety under Okawaru
  6155 | D:6      | Reached skill level 9 in Long Blades
  6155 | D:6      | Reached skill level 1 in Invocations
  6158 | D:6      | Killed Blork the orc
  6167 | D:6      | Reached XP level 9. HP: 38/78 MP: 6/8
  6597 | D:6      | Reached **** piety under Okawaru
  6877 | D:7      | Reached skill level 10 in Long Blades
  7718 | D:7      | Found a transporter.
  7726 | D:7      | Found a transporter.
  7727 | D:7      | Identified the +1 halberd of Death {protect, rF++ Str+3
                  | Int+4 SInv}
  8281 | D:8      | Reached ***** piety under Okawaru
  8490 | D:8      | Reached XP level 10. HP: 80/88 MP: 9/9
  8655 | D:8      | Reached skill level 11 in Long Blades
  8958 | D:8      | Noticed a green ugly thing
  8978 | D:8      | Killed a green ugly thing
  9115 | D:8      | Identified the +3 leather armour "Buuqirei" {rElec Int+4}
  9775 | D:9      | Reached skill level 10 in Armour
  9987 | D:9      | Found a staircase to the Orcish Mines.
 10446 | D:10     | Entered Level 10 of the Dungeon
 10688 | D:10     | Found a broken altar of Ashenzari.
 11139 | D:10     | Found Diaseuno's Assorted Antiques.
 11364 | D:10     | Reached skill level 12 in Long Blades
 11604 | D:11     | Noticed a two-headed ogre
 11610 | D:11     | Killed a two-headed ogre
 11619 | D:11     | Found a staircase to the Lair.
 11640 | D:11     | Found a frozen archway.
 11649 | IceCv    | Entered an ice cave
 12095 | IceCv    | Noticed an ice statue
 12095 | IceCv    | Noticed an ice statue
 12316 | IceCv    | Killed an ice statue
 12561 | IceCv    | Killed an ice statue
 12562 | IceCv    | Reached XP level 11. HP: 74/97 MP: 8/11
 13014 | IceCv    | Noticed a white draconian
 13032 | IceCv    | Received a gift from Okawaru
 13050 | IceCv    | Killed a white draconian
 13569 | D:11     | Reached skill level 13 in Long Blades
 13782 | D:11     | Reached skill level 10 in Fighting
 13829 | D:11     | Noticed a two-headed ogre
 13836 | D:11     | Killed a two-headed ogre
 14075 | D:11     | Identified a scroll of acquirement
 14525 | D:11     | Found a hide-covered altar of Uskayaw.
 14700 | Lair:1   | Entered Level 1 of the Lair of Beasts
 14703 | Lair:1   | Noticed a seven-headed hydra
 15411 | D:12     | Noticed a two-headed ogre
 15413 | D:12     | Noticed a purple ugly thing
 15423 | D:12     | Killed a two-headed ogre
 15423 | D:12     | Received a gift from Okawaru
 15432 | D:12     | Killed a purple ugly thing
 15761 | D:12     | Reached skill level 14 in Long Blades
 15791 | D:12     | Noticed a boulder beetle
 15809 | D:12     | Killed a boulder beetle
 15812 | D:12     | Noticed Sonja
 15816 | D:12     | Reached XP level 12. HP: 73/107 MP: 9/12
 15824 | D:12     | Killed Sonja
 15972 | D:12     | Found a blossoming altar of Fedhas.
 16152 | D:12     | Noticed a two-headed ogre
 16177 | D:12     | Killed a two-headed ogre
 16569 | D:12     | Received a gift from Okawaru
 16754 | D:12     | Reached ****** piety under Okawaru
 16860 | D:12     | Noticed Kirke
 16865 | D:12     | Reached skill level 10 in Shields
 16892 | D:12     | Killed Kirke
 17273 | Orc:1    | Entered Level 1 of the Orcish Mines
 17275 | Orc:1    | Noticed an orc high priest
 17286 | Orc:1    | Killed an orc high priest
 17297 | Orc:1    | Noticed an ettin
 17302 | Orc:1    | Killed an ettin
 17303 | Orc:1    | Reached skill level 15 in Long Blades
 17303 | Orc:1    | Noticed Maurice
 17514 | Orc:1    | Killed Maurice
 17837 | Orc:2    | Entered Level 2 of the Orcish Mines
 17887 | Orc:2    | Noticed a boulder beetle
 17901 | Orc:2    | Killed a boulder beetle
 17901 | Orc:2    | Received a gift from Okawaru
 18063 | Orc:2    | Found Meoneg Saol's Armour Emporium.
 18063 | Orc:2    | Noticed an ogre mage
 18063 | Orc:2    | Noticed a two-headed ogre
 18124 | Orc:2    | Noticed a two-headed ogre
 18124 | Orc:2    | Noticed an ogre mage
 18401 | Orc:1    | Killed a two-headed ogre
 18884 | Orc:2    | Noticed a two-headed ogre
 18897 | Orc:1    | Killed a two-headed ogre
 18898 | Orc:1    | Reached XP level 13. HP: 113/117 MP: 11/13
 18910 | Orc:2    | Identified the +5 long sword "Wighait" {vorpal, rCorr}
                  | (Okawaru gifted it to you on level 2 of the Orcish Mines)
 18910 | Orc:2    | Received a gift from Okawaru
 19147 | Orc:1    | Reached skill level 16 in Long Blades
 19643 | Orc:2    | Found a staircase to the Elven Halls.
 19650 | Orc:2    | Found Moru's Assorted Antiques.
 19656 | Orc:2    | Reached skill level 5 in Dodging
 19744 | Orc:2    | Found Joczuosi's Antique Armour Shoppe.
 19748 | Orc:2    | Found Kuj Repn's Assorted Antiques.
 19750 | Orc:2    | Bought a pair of heavily runed boots for 342 gold pieces
 19750 | Orc:2    | Identified the +2 pair of boots of Weightlessness {rElec}
                  | (You bought it in a shop on level 2 of the Orcish Mines)
 19789 | Orc:2    | Bought a masterwork plate armour for 1092 gold pieces
 19789 | Orc:2    | Identified the +5 plate armour "Zapnabbo" {rN+++} (You
                  | bought it in a shop on level 2 of the Orcish Mines)
 19983 | Orc:2    | Received a gift from Okawaru
 20693 | Orc:2    | Bought a dazzling chain mail for 361 gold pieces
 20693 | Orc:2    | Identified the +4 chain mail "Ydasi" {Int+2} (You bought it
                  | in a shop on level 2 of the Orcish Mines)
 21291 | D:13     | Noticed an ironbound preserver
 21292 | D:13     | Found a gate to the Vaults.
 21309 | D:13     | Killed an ironbound preserver
 21621 | D:13     | Received a gift from Okawaru
 22160 | D:14     | Noticed Azrael
 22188 | D:14     | Reached skill level 17 in Long Blades
 22532 | D:13     | Reached XP level 14. HP: 121/129 MP: 15/15
 22879 | D:14     | Killed Azrael
 23788 | Lair:1   | You fall into a shaft and drop 1 floor!
 24290 | Lair:1   | Identified the +4 falchion "Liuco" {vorpal, rN+ Str+4
                  | Int-5} (Okawaru gifted it to you on level 1 of the Lair of
                  | Beasts)
 24290 | Lair:1   | Received a gift from Okawaru
 26051 | Lair:3   | Received a gift from Okawaru
 26147 | Lair:3   | Found a staircase to the Shoals.
 27121 | Lair:4   | Noticed Nergalle
 27133 | Lair:4   | Killed Nergalle
 27134 | Lair:4   | Reached skill level 15 in Armour
 27377 | Lair:4   | Found a hole to the Spider Nest.
 27400 | Lair:4   | Identified the +0 chain mail of Pafi {Stlth+}
 28081 | Lair:5   | Identified the +2 hat "Plog" {rF+} (Okawaru gifted it to
                  | you on level 5 of the Lair of Beasts)
 28081 | Lair:5   | Received a gift from Okawaru
 28225 | Lair:5   | Noticed Rupert
 28498 | Lair:5   | Killed Rupert
 28807 | Lair:5   | Reached XP level 15. HP: 137/139 MP: 16/16
 28836 | Lair:5   | Reached skill level 18 in Long Blades
 29195 | Lair:6   | Entered Level 6 of the Lair of Beasts
 29227 | Lair:6   | Found a hide-covered altar of Uskayaw.
 29349 | Lair:6   | Reached skill level 15 in Fighting
 29794 | Lair:6   | Found a viscous altar of Jiyva.
 29794 | Lair:6   | Found a staircase to the Slime Pits.
 29976 | Lair:6   | HP: 5/141 [poisoned by a swamp dragon (poison gas)]
 29978 | Lair:5   | HP: 1/141 [poisoned by a swamp dragon (poison gas)]
 30911 | Lair:6   | Reached skill level 5 in Stealth
 31092 | Lair:6   | HP: 7/141 [poisoned by a cane toad]
 31556 | Lair:6   | Identified the +1 robe "Hereax" {Will+ Str-3 Stlth+}
                  | (Okawaru gifted it to you on level 6 of the Lair of Beasts)
 31556 | Lair:6   | Received a gift from Okawaru
 32221 | D:14     | Found Ruinen's Antique Armour Emporium.
 32222 | D:14     | Found Mufikoes's Weapon Emporium.
 32224 | D:14     | Found Hobruv's Magic Scroll Emporium.
 32225 | D:14     | Found Vecuolo's Antique Weapon Emporium.
 32262 | D:14     | Bought a warped falchion for 280 gold pieces
 32262 | D:14     | Identified the +2 falchion of Conservatism {vorpal, rN+
                  | Str+3} (You bought it in a shop on level 14 of the Dungeon)
 32333 | D:14     | Found a sparkling altar of Nemelex Xobeh.
 32467 | D:14     | Found Ocroz's Book Boutique.
 32617 | D:15     | Entered Level 15 of the Dungeon
 32782 | D:15     | Noticed Louise
 32792 | D:15     | Killed Louise
 33116 | D:15     | Reached skill level 15 in Shields
 33560 | D:15     | Found a staircase to the Depths.
 33713 | D:15     | Found a hazy altar of Hepliaklqana.
 34150 | Lair:2   | Reached skill level 1 in Maces & Flails
 34150 | Lair:2   | Reached XP level 16. HP: 151/151 MP: 17/17
 34528 | D:14     | Bought an ichor-stained plate armour for 980 gold pieces
 34528 | D:14     | Identified the +10 plate armour of the Lute {rN+} (You
                  | bought it in a shop on level 14 of the Dungeon)
 34682 | Elf:1    | Entered Level 1 of the Elven Halls
 34902 | Elf:1    | Paralysed by an air elemental for 1 turns
 34968 | Elf:1    | Received a gift from Okawaru
 35105 | Elf:1    | Reached XP level 17. HP: 129/158 MP: 18/18
 35243 | Elf:1    | Found Xuawups's Book Shoppe.
 35252 | Elf:1    | Found Exzoymu's Weapon Shop.
 35601 | Elf:1    | Reached skill level 19 in Long Blades
 35724 | Elf:1    | Noticed Aizul
 35745 | Elf:1    | Killed Aizul
 36400 | Elf:1    | Found Lapnara's Antique Armour Boutique.
 36536 | Elf:2    | Paralysed by an air elemental for 1 turns
 36571 | Elf:2    | Identified the +1 crystal plate armour of the Turtle {rF-
                  | rCorr Str+4} (Okawaru gifted it to you on level 2 of the
                  | Elven Halls)
 36571 | Elf:2    | Received a gift from Okawaru
 37223 | Elf:2    | Found Matoet Pyat's Antique Armour Boutique.
 37588 | Elf:2    | Found a runed translucent gate.
 37593 | Elf:2    | Found a runed translucent gate.
 37614 | Elf:2    | Found a runed translucent gate.
 37796 | Elf:2    | Found Vuwnamew's Book Boutique.
 37985 | Elf:3    | Entered Level 3 of the Elven Halls
 37992 | Elf:3    | Found Haleost's Self-Improvement Boutique.
 37998 | Elf:3    | Identified the ring "Maurphucs" {rCorr Stlth+}
 38005 | Elf:3    | Identified the +6 falchion of Wounding {elec, rPois rF+
                  | Will+}
 38009 | Elf:3    | Found the +2 hat of the Bear Spirit {Spirit, *Rage Will++}
 38095 | Elf:3    | HP: 8/160 [deep elf archer/arrow (26)]
 38124 | Elf:3    | Found Tiohah's Weapon Emporium.
 38149 | Elf:3    | Found a magical portal.
 38168 | WizLab   | Entered Lehudib's Moon Base
 38839 | WizLab   | Found a transporter.
 39520 | WizLab   | Found a transporter.
 40143 | WizLab   | Received a gift from Okawaru
 40513 | WizLab   | Reached skill level 20 in Long Blades
 40965 | WizLab   | Reached XP level 18. HP: 162/171 MP: 17/19
 40987 | WizLab   | Noticed a moon troll
 41001 | WizLab   | Killed a moon troll
 41055 | WizLab   | Identified the +1 plate armour of the Eight Boll Weevils
                  | {rPois rC- MP+9 Stlth+}
 41056 | WizLab   | Identified the +2 cloak of Qoretul {Regen+ Str+4}
 41114 | WizLab   | Got Lehudib's Volume of Unstable Clay
 41875 | WizLab   | Identified the ring "Qoucvabi" {Str-5 Int+5 Dex+6 SInv
                  | Stlth-}
 42101 | Elf:3    | Identified the +7 hand crossbow of Baoxko Teorph {venom,
                  | rElec rC- Will+ Str+4} (Okawaru gifted it to you on level 3
                  | of the Elven Halls)
 42101 | Elf:3    | Received a gift from Okawaru
 42146 | Elf:3    | Paralysed by an air elemental for 1 turns
 42984 | Elf:3    | Noticed an Ice Fiend
 43041 | Elf:3    | Blown up by a cacodemon

Illustrated notes

Levels and vault maps discovered:
D:1:      dpeg_arrival_arbitrary_a, layout_basic, basic_ecumenical_altar,
          minmay_misc_feat_x
D:2:      minmay_roachtagon, layout_loops_ring, chequers_serial_rivers_small_a,
          minmay_splitting_lines
D:3:      minmay_bubble_buster, layout_basic, minmay_gold_behind_fungi,
          chequers_serial_rivers_room_a
D:4:      layout_gridville, minmay_temple_entry_butterflies, minmay_pentangle,
          uniq_eustachio, uniq_pargi
D:5:      layout_loops_ring, serial_shops, shop, shop, uniq_crazy_yiuf_cottage
D:6:      layout_gridville, serial_shops, kennysheep_mini_moat,
          uniq_blork_the_orc, uniq_grinder
D:7:      gammafunk_beogh_shrine, layout_basic, hangedman_minor_gate_pass
D:8:      layout_basic, grunt_ministairs_9, small_statue_intersection
D:9:      layout_loops_ring, david_orc_2, amcnicky_mini_pool_medium
D:10:     layout_gridville, evilmike_ruin_ashenzari, serial_shops,
          nicolae_shop_statue_plus, fountainhead
D:11:     layout_roguey, lair_entry_dummy, portal_ice_cave_entry_pillars_1,
          nicolae_uskayaw_suspiria
D:12:     layout_loops_cross, tgw_fedhas, uniq_kirke, uniq_sonja
D:13:     layout_basic, skrybe_vaults_entry_preservation, kennysheep_boxes
D:14:     layout_small_grid, nemelex_lonely_heart_becter, serial_shops,
          nicolae_shop_temple_entry_statues_fountains, minmay_shop_grid_forest,
          uniq_azrael
D:15:     grunt_enter_depths_magical_seal, layout_basic,
          worldfamousw_hep_ancestral_shrine, uniq_louise
Temple:   nicolae_temple_the_god_donut
Lair:1:   dpeg_oklob_gauntlet, layout_chaotic_city
Lair:2:   layout_hall_layers, kennysheep_rathole
Lair:3:   layout_regular_city, minmay_shoals_entry_beasts, grunt_megastairs_1,
          serial_bayou_shore_a, infiniplex_staircase_pool, lemuel_fruit_tree
Lair:4:   layout_regular_city, hellmonk_spider_entry_life_and_decay,
          infiniplex_staircase_pool_2, uniq_nergalle
Lair:5:   layout_misc_corridors, grunt_megastairs_3, uniq_rupert
Lair:6:   guppyfry_lair_end_dragon, layout_long_grid, hangedman_lair_in_review,
          dpeg_slime_entry_enclosed_altar, basic_altar, serial_forest,
          infiniplex_forest_zigzag_1, infiniplex_forest_lined_2,
          infiniplex_forest_straight_2, infiniplex_forest_clump_medium,
          infiniplex_forest_end_3, infiniplex_forest_straight_2
Orc:1:    layout_diamond_mine, uniq_maurice
Orc:2:    st_orc_open, layout_caves, basic_altar, nicolae_orc_bridge_out,
          rock_pile
Elf:1:    minmay_elf_arrival_summoners, layout_geoelf_grid, serial_shops,
          nicolae_lakefront_shop, nicolae_shop_trees, shop_fountains,
          hangedman_elf_disciples, grunt_megastairs_4, uniq_aizul
Elf:2:    nicolae_elf_blades_splatter_lattice [nicolae_blade_entry_antechamber],
          layout_onion_city, serial_shops, nicolae_shop_stone,
          nicolae_shop_behind_doors
Elf:3:    grunt_elf_hall_branching, layout_geoelf_octagon,
          infiniplex_enter_wizlab_water, serial_shops, nicolae_shop_waterfront,
          eino_tiny_chamber, nicolae_shop_self_help

Skill      XL: |  1  2  3  4  5  6  7  8  9 10 11 12 13 14 15 16 17 18 |
---------------+-------------------------------------------------------+-----
Long Blades    | 3 4 5 6 7 9 10 12 14 15 17 18 20 | 20.4
Armour         | 4 5 6 7 9 10 12 13 14 15 16 17 | 17.2
Fighting       | 4 5 6 7 9 10 11 13 14 16 17 18 | 18.2
Shields        | 4 5 6 8 9 11 12 13 15 18 | 18.6
Dodging        | 1 2 3 4 5 6 7 |  7.0
Stealth        | 1 2 3 4 5 |  5.3
Invocations    | 1 2 3 4 |  4.0
Maces & Flails | 1 |  1.0
Short Blades   | |  0.5
Axes           | |  0.6
Polearms       | |  0.6
Staves         | |  0.6
Slings         | |  0.5
Bows           | |  0.9
Crossbows      | |  0.5
Throwing       | |  0.4
Unarmed Combat | |  0.5
Spellcasting   | |  0.2
Conjurations   | |  0.2
Hexes          | |  0.2
Summonings     | |  0.2
Necromancy     | |  0.2
Translocations | |  0.2
Transmutations | |  0.3
Fire Magic     | |  0.2
Ice Magic      | |  0.2
Air Magic      | |  0.2
Earth Magic    | |  0.6
Poison Magic   | |  0.4
Evocations     | |  0.8

Action                   |  1- 3 |  4- 6 |  7- 9 | 10-12 | 13-15 | 16-18 || total
-------------------------+-------+-------+-------+-------+-------+-------++-------
Melee: Long sword        |    86 |    95 |   285 |   493 |    68 |       ||  1027
       Headbutt          |    11 |     9 |    71 |   192 |   250 |   148 ||   681
       Double sword      |       |       |       |   289 |   867 |   514 ||  1670
       Scimitar          |       |       |       |       |   103 |       ||   103
       Falchion          |       |       |       |       |       |   111 ||   111
Invok: Heroism           |       |     2 |     3 |    14 |    16 |     6 ||    41
Evoke: Wand              |       |       |       |     1 |     1 |       ||     2
  Use: Scroll            |     3 |     6 |     3 |    12 |    11 |     8 ||    43
       Potion            |       |     1 |       |     2 |     3 |     4 ||    10
 Stab: Sleeping          |       |       |       |     3 |    19 |       ||    22
       Paralysed         |       |       |       |     1 |       |       ||     1
       Distracted        |       |       |       |       |     2 |       ||     2
Armor: Scale mail        |    38 |    42 |     3 |       |       |       ||    83
       Chain mail        |       |       |   118 |   169 |    56 |       ||   343
       Skin              |       |       |       |    10 |       |       ||    10
       Shadow dragon sca |       |       |       |   100 |   470 |     3 ||   573
       Plate armour      |       |       |       |       |       |   259 ||   259
Dodge: Dodged            |    39 |    59 |    90 |   203 |   374 |   114 ||   879
Block: Buckler           |    16 |    22 |    51 |   342 |   526 |       ||   957
       Reflection        |       |       |     1 |    12 |    10 |    54 ||    77
       Other             |       |       |       |       |     4 |       ||     4
       Tower shield      |       |       |       |       |   136 |   533 ||   669
